 Dungeon Crawl Stone Soup version 0.32-a0-42-ga30500b4d3 (webtiles) character file.

Game seed: 230558606027303772

869 pokeman the Thaumaturge (level 7, -1/40 HPs)
             Began as a Deep Elf Hedge Wizard on Jan 29, 2024.
             Succumbed to a water moccasin's poison
             ... on level 5 of the Dungeon.
             The game lasted 00:10:34 (5604 turns).

pokeman the Thaumaturge (Deep Elf Hedge Wizard)     Turns: 5604, Time: 00:10:34

Health: -1/40      AC:  4    Str: 13    XL:     7   Next: 73%
Magic:  9/21       EV: 13    Int: 21    God:
Gold:   205        SH:  0    Dex: 14    Spells: 15/23 levels left

rFire   . . .        B - +3 dagger of Zealous Blind Justice {drain, SInv}
rCold   . . .        (no shield)
rNeg    . . .        b - +0 robe
rPois   .            c - +0 hat
rElec   .            z - +0 cloak
rCorr   .            o - +0 pair of gloves
SInv    +            (no boots)
Will    .....        (no amulet)
Stlth   ++           e - ring of flight
HPRegen 0.26/turn    x - +6 ring of strength
MPRegen 0.17/turn

%: no passive effects
@: lethally poisoned (-1 -> -12), flying, hasted, very quick
A: no striking features
a: no special abilities


You were on level 5 of the Dungeon.
You visited 1 branch of the dungeon, and saw 6 of its levels.

You collected 205 gold pieces.

Inventory:

Hand Weapons
 y - a +4 quarterstaff of chaos
 B - the +3 dagger of Zealous Blind Justice (weapon) {drain, SInv}
   (You found it on level 5 of the Dungeon)

   SInv:      It lets you see invisible.
Armour
 b - a +0 robe (worn)
 c - a +0 hat (worn)
 o - a +0 pair of gloves (worn)
 q - +0 storm dragon scales
 z - a +0 cloak (worn)
Jewellery
 e - a ring of flight (left hand)
 w - an amulet of faith
 x - a +6 ring of strength (right hand)
Scrolls
 a - 2 scrolls of immolation {unknown}
 g - a scroll of torment {unknown}
 j - 3 scrolls of teleportation {unknown}
 k - a scroll of fear {unknown}
 m - a scroll of poison {unknown}
 n - 7 scrolls of identify {unknown}
 s - a scroll of blinking {unknown}
 v - 2 scrolls of silence {unknown}
 A - a scroll of enchant armour {unknown}
Potions
 d - 3 potions of magic
 f - 3 potions of haste
 h - 2 potions of cancellation {unknown}
 i - 4 potions of brilliance {unknown}
 l - 2 potions of attraction {unknown}
 r - 2 potions of curing {unknown}
 t - a potion of enlightenment {unknown}
 u - a potion of mutation {unknown}


   Skills:
 + Level 2.6 Fighting
 - Level 1.0 Armour
 - Level 3.3 Dodging
 - Level 3.0 Stealth
 * Level 8.8 Spellcasting
 + Level 4.4 Conjurations
 - Level 1.1 Summonings
 - Level 1.1 Translocations
 - Level 1.1 Air Magic
 - Level 2.0 Alchemy


You had 15 spell levels left.
You knew the following spells:

 Your Spells              Type           Power      Damage    Failure   Level
a - Magic Dart            Conj           100%       1d8       1%          1
b - Mephitic Cloud        Conj/Alch/Air  19%        N/A       8%          3
c - Call Imp              Summ           26%        N/A       7%          2
d - Blink                 Tloc           26%        N/A       7%          2

Your spell library contained the following spells:

 Spells                   Type           Power      Damage    Failure   Level
 Lesser Beckoning         Tloc           26%        N/A       7%          2
 Slow                     Hex            36%        N/A       8%          1
 Cigotuvi's Dreadful Rot  Necr/Alch/Air  26%        N/A       8%          2
 Ensorcelled Hibernation  Hex/Ice        18%        N/A       11%         2
 Gell's Gravitas          Tloc           13%        N/A       14%         3
 Swiftness                Air            13%        N/A       14%         3
 Teleport Other           Tloc           13%        N/A       14%         3
 Passwall                 Erth           9%         N/A       22%         3


Dungeon Overview and Level Annotations

Branches:
Dungeon (6/15)
 Temple: D:4-7

Altars:
Ashenzari
Dithmenos
Makhleb
Qazlal
Sif Muna
Trog
Uskayaw
Zin

Annotations:
D:3 2 runed translucent doors, soberseth's ghost, amateur MfGl
D:6 Dowan; Duvessa


Message History

Aim: a water moccasin (heavily wounded, 100% to hit)
The magic dart hits the water moccasin but does no damage.
The water moccasin is heavily wounded.
You feel sick.
Unknown command.
Casting: Magic Dart (safe; 1% risk of failure)
Confirm with . or Enter, or press ? or * to list all spells.
Aiming: Magic Dart (safe; 1% risk of failure)
Press: ? - help, Shift-Dir - straight line, f/p - water moccasin
Aim: a water moccasin (heavily wounded, 100% to hit)
The magic dart hits the water moccasin.
The water moccasin is heavily wounded.
You feel ready to blink again.
You feel sick. The water moccasin bites you.
* * * LOW HITPOINT WARNING * * *
Casting: Magic Dart (safe; 1% risk of failure)
Confirm with . or Enter, or press ? or * to list all spells.
Aiming: Magic Dart (safe; 1% risk of failure)
Press: ? - help, Shift-Dir - straight line, f/p - water moccasin
Aim: a water moccasin (heavily wounded, 100% to hit)
The magic dart hits the water moccasin.
The water moccasin is heavily wounded.
You feel sick.
You are no longer poisoned.
The water moccasin bites you but does no damage.
Casting: Magic Dart (safe; 1% risk of failure)
Confirm with . or Enter, or press ? or * to list all spells.
Aiming: Magic Dart (safe; 1% risk of failure)
Press: ? - help, Shift-Dir - straight line, f/p - water moccasin
Aim: a water moccasin (heavily wounded, 100% to hit)
The magic dart hits the water moccasin!
The water moccasin is severely wounded.
The water moccasin bites you.
* * * LOW HITPOINT WARNING * * *
The water moccasin bites you!
* * * LOW HITPOINT WARNING * * *
You are lethally poisoned!
The water moccasin poisons you!
It was a potion of haste.
You feel yourself speed up.
You die...

.#.#..........##.#######.##.# #.#
.#.......................##.# #.#
.#............#############.# #.#
..#...........# #.# #.#
.#.#.♣♣._.♣..## #.# #..
.#####.♣♣♣♣#### #.# ##. .# ######
#.# #.## #. .# #.#
#.#############..# #. .# #.#
#...@S..<.....##.# #. .# #.#
#..##.#.#####.##.###. .# #.#
#..##.#.# ##.#...... .##
##.###..##.#.####.........
..######...##..##..>)............
.........#.........[####.........
..######...######.#.#####.#......
### ##.###....................
#.....###.#######.#######


You could see a water moccasin.

Vanquished Creatures
  A water moccasin (D:4)
  An ice beast (D:5)
  A sky beast (D:5)
  A phantom (D:5)
  2 scorpions (D:5)
  A howler monkey (D:4)
  A bombardier beetle (D:5)
  Crazy Yiuf (D:4)
  3 orc priests (D:5)
  An orc wizard (D:3)
  4 adders
  3 dart slugs
  2 ribbon worms
  17 orcs
  8 ball pythons
  10 endoplasms
  2 giant cockroaches (D:1)
  4 goblins
  15 hobgoblins
  8 jackals
  5 kobolds
  2 quokkas (D:3)
  5 bats
  4 frilled lizards
  6 rats
108 creatures vanquished.

Vanquished Creatures (collateral kills)
  An adder (D:5)
1 creature vanquished.

Grand Total: 109 creatures vanquished

Notes
Turn   | Place    | Note
-------+----------+-------------------------------------------
     0 | D:1      | pokeman the Deep Elf Hedge Wizard began the quest for the
                  | Orb.
     0 | D:1      | Reached XP level 1. HP: 10/10 MP: 7/7
   157 | D:1      | Reached XP level 2. HP: 16/16 MP: 0/9
   604 | D:1      | Found a faded altar of an unknown god.
   637 | D:1      | Reached skill level 5 in Spellcasting
   876 | D:1      | Reached XP level 3. HP: 18/20 MP: 3/11
  1621 | D:2      | Learned a level 3 spell: Mephitic Cloud
  1624 | D:2      | Learned a level 2 spell: Call Imp
  1635 | D:2      | Reached skill level 1 in Fighting
  1638 | D:2      | Learned a level 2 spell: Blink
  1647 | D:2      | Reached skill level 1 in Armour
  2273 | D:3      | Found a large runed translucent door.
  2273 | D:3      | Found a large runed translucent door.
  2484 | D:3      | Reached XP level 4. HP: 14/25 MP: 0/13
  2691 | D:3      | Found a stormy altar of Qazlal.
  2806 | D:3      | Noticed soberseth's ghost (amateur MfGl)
  2858 | D:3      | Found a bloodstained altar of Trog.
  3098 | D:4      | Found a runed translucent door.
  3099 | D:4      | Noticed Crazy Yiuf
  3206 | D:4      | Noticed a water moccasin
  3218 | D:4      | Killed a water moccasin
  3219 | D:4      | Reached skill level 6 in Spellcasting
  3219 | D:4      | Reached skill level 1 in Air Magic
  3219 | D:4      | Reached XP level 5. HP: 19/29 MP: 5/15
  3439 | D:4      | Found a hide-covered altar of Uskayaw.
  3600 | D:4      | Reached XP level 6. HP: 34/34 MP: 10/17
  3830 | D:4      | Found a burning altar of Makhleb.
  3837 | D:4      | Found a shimmering blue altar of Sif Muna.
  3840 | D:4      | Found a shadowy altar of Dithmenos.
  4093 | D:4      | Killed Crazy Yiuf
  4094 | D:4      | Reached skill level 7 in Spellcasting
  4210 | D:5      | Entered Level 5 of the Dungeon
  4382 | D:5      | Reached skill level 1 in Alchemy
  4628 | D:5      | Found a glowing silver altar of Zin.
  4726 | D:5      | Reached XP level 7. HP: 39/39 MP: 14/20
  4729 | D:5      | Identified the +3 dagger of Zealous Blind Justice {drain,
                  | SInv}
  4789 | D:5      | Found a broken altar of Ashenzari.
  4819 | D:5      | Reached skill level 8 in Spellcasting
  5492 | D:6      | Noticed Dowan
  5588 | D:6      | Noticed Duvessa
  5603 | D:5      | HP: 1/40 [water moccasin (8)]
  5604 | D:5      | Succumbed to a water moccasin's poison

Illustrated notes

Levels and vault maps discovered:
D:1:      matt_arrival_refuge, layout_loops_cross,
          hellmonk_ecumenical_altar_pennies_from_heaven,
          minmay_misc_feat_enclosed
D:2:      layout_loops_ring, minmay_tetromino_s2
D:3:      layout_basic, nicolae_qazlal_general_emergency, trog_butcher_becter,
          ebering_ghost_disaster_area
D:4:      layout_rooms, mainiacjoe_overflow_24_doors, minitemple,
          uniq_crazy_yiuf_cottage
D:5:      layout_loops_ring, mainiacjoe_overflow_tiny_flanked, zin_academy
D:6:      layout_cave_pools, minmay_temple_entry_nine_rooms,
          kennysheep_generic_room_15, uniq_duvessa

Skill      XL: |  1  2  3  4  5  6  7 |
---------------+----------------------+-----
Spellcasting   | 5 6 7 8 |  8.8
Fighting       | 1 2 |  2.6
Conjurations   | 2 3 4 |  4.4
Armour         | 1 |  1.0
Stealth        | 3 |  3.0
Dodging        | 3 |  3.3
Air Magic      | 1 |  1.1
Alchemy        | 1 2 |  2.0
Summonings     | |  1.1
Translocations | |  1.1

Action                     |  1- 3 |  4- 6 |  7- 9 || total
---------------------------+-------+-------+-------++-------
  Melee: Dagger            |    19 |    38 |    41 ||    98
         Punch             |       |     1 |     2 ||     3
   Cast: Magic Dart        |   118 |   118 |    16 ||   252
         Mephitic Cloud    |     2 |     4 |     8 ||    14
         Call Imp          |       |     1 |     3 ||     4
         Blink             |       |       |     3 ||     3
    Use: Potion            |       |       |     1 ||     1
   Stab: Confused          |     2 |     6 |     2 ||    10
 Armour: Robe              |    23 |    25 |    27 ||    75
  Dodge: Dodged            |    20 |    30 |    29 ||    79

Table legend: (Time is in decaauts)
 A = Elapsed time spent in this place.
 B = Non-inter-level travel time spent in this place.
 C = Inter-level travel time spent in this place.
 D = Time resting spent in this place.
 E = Time spent auto-exploring this place.
 F = Levels seen in this place.
 G = Mean time per level.
                   A        B        C        D        E       F      G
               +--------+--------+--------+--------+--------+-----+--------+
         Total |   5604 |   5357 |    247 |    203 |   4453 |   6 |  934.0 |
       Dungeon |   5604 |   5357 |    247 |    203 |   4453 |   6 |  934.0 |
               +--------+--------+--------+--------+--------+-----+--------+

Top non-repeatable levels by time:
     D:5: 1348 daAuts
     D:1: 1343 daAuts
     D:4: 1197 daAuts
     D:2: 925 daAuts
     D:3: 741 daAuts
     D:6: 48 daAuts
